 Dungeon Crawl Stone Soup version 0.27.1-37-g7b29ead8ac (console) character file.

Game seed: 8264486901035405419

9278 grimtooth the Jinx (level 11, -1/51 HPs)
             Began as a Felid Summoner on Nov 21, 2023.
             Was a Priest of Dithmenos.
             Slain by a water moccasin (6 damage)
             ... on level 4 of the Lair of Beasts.
             The game lasted 01:53:38 (24648 turns).

grimtooth the Jinx (Felid Summoner)                Turns: 24648, Time: 01:53:39

Health: -1/51      AC:  2    Str:  5    XL:     11   Next: 20%
Magic:  13/16      EV: 24    Int: 26    God:    Dithmenos [***...]
Gold:   698        SH:  0    Dex: 16    Spells: 7/16 levels left
                                        Lives:  0   Deaths: 3

rFire    . . .     SeeInvis +     - Unarmed
rCold    . . .     Faith    .   (shield unavailable)
rNeg     . . .     Spirit   .   (armour unavailable)
rPois    +         Reflect  .   (helmet unavailable)
rElec    .         Harm     .   (cloak unavailable)
rCorr    .         Rampage  .   (gloves unavailable)
Will     +....                  (boots unavailable)
Stlth    ++++++....             (no amulet)
HPRegen  0.17/turn              f - ring of poison resistance
MPRegen  0.15/turn              v - +6 ring of intelligence

@: wreathed by umbra, quick
A: very small, claws 1, fangs 3, see invisible, speed 1, shaggy fur 2, stealthy
paws, no weapons or thrown items, no armour, multi-lived
a: Renounce Religion, Shadow Step


You were on level 4 of the Lair of Beasts.
You worshipped Dithmenos.
Dithmenos was most pleased with you.
You visited 3 branches of the dungeon, and saw 14 of its levels.

You collected 698 gold pieces.

Inventory:

Jewellery
 f - a ring of poison resistance (left paw)
 p - a ring of ice
 v - a +6 ring of intelligence (right paw)
 I - a ring of wizardry
 K - the ring of the Villain {rN+ Str+4}
   (You found it on level 1 of the Lair of Beasts)

   [ring of positive energy]

   Str:       It affects your strength (+4).
   rN:        It protects you from negative energy.
Wands
 x - a wand of polymorph (14)
 y - a wand of paralysis (16)
 F - a wand of mindburst (10)
 J - a wand of iceblast (13)
Scrolls
 b - 2 scrolls of vulnerability {unknown}
 e - a scroll of torment {unknown}
 g - 4 scrolls of magic mapping
 h - 2 scrolls of noise
 k - 2 scrolls of fog
 o - a scroll of amnesia
 u - 2 scrolls of enchant weapon
 w - a scroll of brand weapon {unknown}
 A - a scroll of immolation {unknown}
 C - a scroll of enchant armour {unknown}
 E - 2 scrolls of blinking {unknown}
 H - a scroll of teleportation {unknown}
Potions
 a - 3 potions of degeneration {unknown}
 c - 2 potions of ambrosia
 d - 2 potions of cancellation {unknown}
 i - a potion of magic
 j - 3 potions of attraction {unknown}
 l - 2 potions of resistance
 m - 4 potions of mutation
 n - a potion of haste
 q - a potion of berserk rage
 r - a potion of curing
 s - a potion of invisibility {unknown}
 t - 6 potions of flight
 z - 2 potions of lignification
 B - 4 potions of brilliance
 D - a potion of might
 G - a potion of heal wounds


   Skills:
 * Level 8.0 Fighting
 + Level 11.4 Dodging
 - Level 9.0 Stealth
 - Level 9.0 Unarmed Combat
 - Level 3.0 Spellcasting
 + Level 12.5 Hexes
 - Level 9.1 Summonings


You had 7 spell levels left.
You knew the following spells:

 Your Spells              Type           Power      Damage    Failure   Level
z - Confusing Touch       Hex            62%        N/A       1%          3
L - Summon Small Mammal   Summ           100%       N/A       1%          1
N - Call Canine Familiar  Summ           50%        N/A       1%          3
P - Call Imp              Summ           50%        N/A       1%          2

Your spell library contained the following spells:

 Spells                   Type           Power      Damage    Failure   Level
 Slow                     Hex            62%        N/A       1%          2
 Summon Guardian Golem    Hex/Summ       56%        N/A       1%          3
 Inner Flame              Hex/Fire       36%        N/A       2%          3
 Foxfire                  Conj/Fire      12%        2x1d4     10%         1
 Summon Lightning Spire   Summ/Air       27%        N/A       14%         4
 Conjure Flame            Conj/Fire      3%         6-21      28%         3
 Vampiric Draining        Necr           1%         2d6       28%         3
 Summon Forest            Summ/Tloc      13%        N/A       38%         5
 Alistair's Intoxication  Tmut/Pois      2%         N/A       95%         5
 Borgnjor's Vile Clutch   Necr/Erth      1%         N/A       95%         5
 Fireball                 Conj/Fire      1%         3d3       95%         5
 Eringya's Noxious Bog    Tmut/Pois      1%         N/A       100%        6
 Dragon's Call            Summ           25%        N/A       100%        9


Dungeon Overview and Level Annotations

Branches:
Dungeon (9/15)             Temple (1/1) D:4            Lair (4/6) D:8
  Swamp (0/4) Lair:3       Spider (0/4) Lair:2          Orc (0/2) D:9

Altars:
Ashenzari
Dithmenos
Elyvilon
Fedhas
Hepliaklqana
Kikubaaqudgha
Makhleb
Qazlal
Ru
Sif Muna
Trog
Uskayaw
Vehumet
Wu Jian
Yredelemnul
Zin
The Shining One

Shops:
D:6 =   D:7 *

Annotations:
D:9 exclusions: 2 centaurs, 3 killer bees, steam dragon and wight
Lair:1 exclusion: blink frog
Lair:3 exclusion: swamp worm
Lair:4 exclusions: 2 elephants, hydra, wraith and wyvern


Innate Abilities, Weirdness & Mutations

You have sharp claws.
You have razor-sharp teeth.
You have supernaturally acute eyesight. (SInv)
You cover ground quickly. (Speed+)
You are covered in thick fur. (AC +2)
Your paws help you pounce on unaware monsters.
You are incapable of wielding weapons or throwing items.
You cannot wear armour.
You gain extra lives every three experience levels.


Message History

The black mamba bites your crimson imp!
Your crimson imp dies!
Your crimson imp disappears in a puff of smoke!
Being near the torpor snail leaves you feeling lethargic.
You feel yourself speed up.
There is a stone staircase leading down here.
Aiming: Paralyse
Press: ? - help, Shift-Dir - straight line, f - black mamba
Aim: a black mamba (umbra, chance to affect: 46%)
The black mamba suddenly stops moving!
Being near the torpor snail leaves you feeling lethargic.
You pounce on the unaware helpless black mamba!
You eviscerate the black mamba!!!
You kill the black mamba!
Dithmenos accepts your kill.
Your Fighting skill increases to level 8!
You feel yourself speed up.
A water moccasin comes into view.
The water moccasin hisses angrily.
The water moccasin bites you!
* * * LOW HITPOINT WARNING * * *
As you read the scroll labelled MEFIMIOPR QUGAYZ, it crumbles to dust.
You hear a loud clanging noise!
It was a scroll of noise.
You hear a loud, deep croak!
You hear a trumpeting!
You hear a howl!
You hear a trumpeting! x2; You hear an angry hiss.
The water moccasin completely misses you.
As you read the scroll labelled DOHESMO NUYHOU, it crumbles to dust.
The scroll dissolves into smoke.
It was a scroll of fog.
The water moccasin misses you.
The water moccasin completely misses you.
The water moccasin bites you.
* * * LOW HITPOINT WARNING * * *
The water moccasin completely misses you.
The water moccasin completely misses you.
The water moccasin completely misses you.
Casting: Call Imp (safe; 1% risk of failure)
Confirm with . or Enter, or press ? or * to list all spells.
The water moccasin bites you.
You die...

**,,*,..........##*,..#
*,*,,....##....# *,..P
*,*,,*#.#*#....# **#.#
#..#####.##..§.#####..
#............§§§§§##.#
##.............§§§§§§DY
#..............§§§§§...
*#..............§§§§...
##...h.................
#......####P.....#..##.
#..,#.@# ##..Y...#.#..
#..,##S####.D....#.....
#..###...###.D..##.....
*#.D##...###.....#.....
##..##.####.....###>.P.
#...#..# ###D...P.....#
#...#.D###.............
##.....D...............
#............(........
##..#######.#P##.#.#(.
###.* ############


You could see an eight-headed hydra, a six-headed hydra, a water moccasin (ally
target) and a friendly wolf (summoned).

Vanquished Creatures
  A hydra (Lair:4)
  3 black mambas
  5 cane toads
  A rime drake (Lair:2)
  2 komodo dragons
  A polar bear (Lair:3)
  3 jumping spiders (Lair:2)
  9 blink frogs
  A redback (Lair:2)
  13 yaks
  2 wyverns
  A steam dragon (D:7)
  9 water moccasins
  A black bear (Lair:4)
  A necrophage (D:5)
  An ogre (D:6)
  7 wolves
  3 centaurs
  6 bullfrogs
  2 kobold brigands
  2 scorpions
  2 killer bees (D:7)
  2 wights
  A centaur zombie (D:9)
  A hound (D:5)
  2 orc priests
  2 iguanas
  3 orc wizards
  A hound zombie (D:5)
  A howler monkey zombie (D:6)
  An adder (D:5)
  2 gnolls
  2 white imps
  5 dart slugs
  11 orcs
  A ball python (D:2)
  5 bats
  4 endoplasms
  2 giant cockroaches (D:4)
  3 hobgoblins
  A jackal (D:1)
  7 kobolds
  2 frilled lizards
  4 goblins
  5 rats
144 creatures vanquished.

Vanquished Creatures (collateral kills)
  A two-headed ogre (D:6)
  Nergalle (Lair:2)
  4 cane toads
  Maggie (D:6)
  4 komodo dragons
  A polar bear (Lair:2)
  A tyrant leech (Lair:3)
  8 blink frogs
  Sigmund (D:5)
  7 yaks
  2 basilisks
  A swamp worm (Lair:3)
  A steam dragon (D:7)
  7 water moccasins
  Purgy (D:3)
  2 orc warriors
  A sky beast (D:6)
  An ice beast (D:5)
  An ogre (D:6)
  2 black bears
  3 centaurs
  3 phantoms
  5 bullfrogs
  4 scorpions
  6 killer bees
  5 wights
  2 centaur zombies
  A jelly (D:6)
  2 bullfrog skeletons (D:6)
  3 orc priests
  A gnoll shaman (D:7)
  2 hounds (D:5)
  Jessica (D:2)
  Terence (D:2)
  An iguana (D:5)
  5 orc wizards
  A killer bee zombie (D:3)
  A hound skeleton (D:4)
  6 gnolls
  5 adders
  2 shadow imps (D:7)
  2 white imps
  An ufetubus (D:6)
  A worm (D:2)
  2 dart slugs
  17 orcs
  3 bats
  4 endoplasms
  3 giant cockroaches
  3 goblins (D:1)
  4 hobgoblins
  A jackal (D:1)
  A quokka (D:2)
  3 ball pythons
  2 frilled lizards
  5 kobolds
  4 rats
164 creatures vanquished.

Vanquished Creatures (others)
  An orc (D:7)
  35 fungi
  72 plants
108 creatures vanquished.

Grand Total: 416 creatures vanquished

Notes
Turn   | Place    | Note
-------+----------+-------------------------------------------
     0 | D:1      | grimtooth the Felid Summoner began the quest for the Orb.
     0 | D:1      | Reached XP level 1. HP: 7/7 MP: 4/4
   694 | D:1      | Reached XP level 2. HP: 11/11 MP: 3/6
  1835 | D:1      | Reached XP level 3. HP: 12/14 MP: 4/7
  1958 | D:1      | Found a faded altar of an unknown god.
  2142 | D:2      | Learned a level 2 spell: Call Imp
  2683 | D:2      | Noticed Jessica
  2751 | D:2      | Noticed Terence
  2784 | D:2      | Killed Terence
  3087 | D:2      | Reached XP level 4. HP: 18/18 MP: 8/8
  3426 | D:2      | Killed Jessica
  3427 | D:2      | Reached skill level 5 in Summonings
  4438 | D:3      | - little early for folks aint it
  4720 | D:3      | Learned a level 3 spell: Call Canine Familiar
  4830 | D:4      | Reached XP level 5. HP: 16/21 MP: 4/9
  4916 | D:4      | Reached skill level 1 in Unarmed Combat
  5210 | D:4      | Identified the +4 robe of Zounifab {Rampage Drain Regen+
                  | SInv}
  5471 | D:4      | Noticed a phantom
  5510 | D:4      | Killed a phantom
  5616 | D:4      | Found a staircase to the Ecumenical Temple.
  5730 | Temple   | Entered the Ecumenical Temple
  5801 | Temple   | - not too inspiring
  5928 | D:4      | Gained mutation: You are covered in thick fur. (AC +2)
                  | [Felid growth]
  5928 | D:4      | Reached XP level 6. HP: 21/24 MP: 8/10
  6602 | D:5      | Entered Level 5 of the Dungeon
  6827 | D:5      | Noticed Sigmund
  7242 | D:5      | Got the Disquisition on Creative Blows and Bruises
  7568 | D:5      | Noticed an ice beast
  7600 | D:5      | Killed an ice beast
  7601 | D:5      | Reached XP level 7. HP: 10/27 MP: 2/11
  9067 | D:6      | Found Bopot's Jewellery Boutique.
  9122 | D:6      | Noticed Maggie
  9123 | D:6      | - nice no-chance-at-all there
  9543 | D:5      | Killed Sigmund
  9882 | D:6      | Reached XP level 8. HP: 24/31 MP: 4/12
  9977 | D:6      | Killed Maggie
 10238 | D:6      | Noticed a two-headed ogre
 10247 | D:6      | Killed a two-headed ogre
 10248 | D:6      | Reached skill level 5 in Stealth
 10248 | D:6      | Reached skill level 5 in Unarmed Combat
 10260 | D:6      | Reached skill level 5 in Dodging
 11493 | D:3      | Noticed Purgy
 11507 | D:3      | Reached XP level 9. HP: 34/34 MP: 8/14
 11512 | D:3      | Killed Purgy
 11669 | Temple   | Became a worshipper of Dithmenos the Shadowed
 11919 | D:6      | Learned a level 3 spell: Confusing Touch
 11920 | D:7      | Found Boell's Gadget Gallery.
 11957 | D:7      | Reached skill level 1 in Hexes
 12064 | D:7      | Reached skill level 2 in Hexes
 12319 | D:7      | Found a blossoming altar of Fedhas.
 12355 | D:7      | Reached * piety under Dithmenos
 12584 | D:7      | Engulfed by a steam dragon's steam
 12585 | D:7      | Reached XP level 8. HP: 0/31 MP: 13/13
 12959 | D:8      | Found a staircase to the Lair.
 12979 | D:7      | Reached skill level 3 in Hexes
 13329 | D:8      | Reached skill level 4 in Hexes
 13440 | D:8      | Mangled by a basilisk
 13441 | D:8      | Reached XP level 7. HP: -7/27 MP: 6/12
 13441 | D:8      | - how the blingbling did that happen
 13481 | D:8      | Killed a basilisk
 13642 | D:8      | Reached XP level 8. HP: 31/31 MP: 3/13
 13695 | D:7      | - oh this asshole again
 13702 | D:7      | Reached skill level 5 in Hexes
 13783 | D:7      | - man this level is not good for me
 14313 | D:7      | Found a glowing golden altar of the Shining One.
 14313 | D:7      | Found a hide-covered altar of Uskayaw.
 14459 | D:8      | Found a burning altar of Makhleb.
 14475 | D:8      | Found a sacrificial altar of Ru.
 14696 | D:9      | Found a staircase to the Orcish Mines.
 14876 | D:9      | - so many bees
 15055 | D:9      | Reached skill level 6 in Hexes
 15612 | D:9      | Reached ** piety under Dithmenos
 16714 | Lair:1   | Entered Level 1 of the Lair of Beasts
 16723 | Lair:1   | Noticed a cane toad
 16724 | Lair:1   | Noticed a blink frog
 16726 | Lair:1   | Noticed a blink frog
 16748 | Lair:1   | Killed a cane toad
 16749 | Lair:1   | Reached skill level 7 in Hexes
 16749 | Lair:1   | Reached XP level 9. HP: 15/34 MP: 3/14
 16923 | Lair:1   | Noticed a cane toad
 16948 | Lair:1   | Killed a cane toad
 17326 | Lair:1   | Noticed a komodo dragon
 17366 | Lair:1   | Killed a komodo dragon
 17367 | Lair:1   | Reached skill level 8 in Hexes
 17453 | Lair:1   | Noticed a cane toad
 17464 | Lair:1   | Killed a cane toad
 17465 | Lair:1   | Noticed a komodo dragon
 17611 | Lair:1   | Killed a komodo dragon
 17612 | Lair:1   | Reached skill level 9 in Hexes
 17778 | Lair:1   | Noticed a cane toad
 17790 | Lair:1   | Killed a cane toad
 17832 | Lair:1   | Noticed a komodo dragon
 17882 | Lair:1   | Killed a komodo dragon
 18103 | Lair:1   | Reached skill level 10 in Hexes
 18103 | Lair:1   | Reached XP level 10. HP: 19/37 MP: 15/15
 18580 | Lair:1   | Reached skill level 11 in Hexes
 18938 | Lair:1   | Reached skill level 12 in Hexes
 19511 | Lair:1   | Identified the ring of the Villain {rN+ Str+4}
 19537 | Lair:1   | Reached skill level 1 in Fighting
 20228 | Lair:2   | Noticed a cane toad
 20311 | Lair:2   | Noticed Nergalle
 20411 | Lair:2   | Noticed a cane toad
 20418 | Lair:2   | Killed a cane toad
 20463 | Lair:2   | Noticed a cane toad
 20474 | Lair:2   | Noticed a black mamba
 20476 | Lair:2   | Killed a black mamba
 20794 | Lair:2   | Reached XP level 11. HP: 38/46 MP: 13/16
 21130 | Lair:2   | Found a hole to the Spider Nest.
 21157 | Lair:2   | Reached skill level 10 in Dodging
 21241 | Lair:2   | Reached *** piety under Dithmenos
 21242 | Lair:2   | Reached skill level 5 in Fighting
 21555 | Lair:2   | Killed Nergalle
 23141 | Lair:3   | Found a staircase to the Swamp.
 23154 | Lair:3   | Killed from afar by a swamp worm
 23155 | Lair:3   | Reached XP level 10. HP: -12/46 MP: 11/15
 24133 | Lair:4   | Noticed a black mamba
 24135 | Lair:4   | Killed a black mamba
 24162 | Lair:4   | Noticed an elephant
 24218 | Lair:4   | Reached XP level 11. HP: 40/50 MP: 16/16
 24297 | Lair:4   | Noticed a five-headed hydra
 24314 | Lair:4   | Noticed a five-headed hydra
 24315 | Lair:4   | Killed a five-headed hydra
 24480 | Lair:4   | Noticed a death yak
 24550 | Lair:4   | Noticed a six-headed hydra
 24554 | Lair:4   | Noticed an eight-headed hydra
 24648 | Lair:4   | Slain by a water moccasin

Illustrated notes #.#.## #...# #.#.# #...# #.#.# #...# #.#.# #...##### #.# #.......^ #.# ###...... # #...... # .z################...... ...................(.. #......#######...... #..@...# ####### ###..5...# ## .....<....# #. ####....†.# #. #......# #. #......# #. #......# #. ######## ## Turn 4438 on D:3: - little early for folks aint it

##≈≈≈.≈≈≈## ##≈≈≈...≈≈≈##
##≈≈≈.._..≈≈≈##
##########≈≈≈.......≈≈≈##########
≈≈≈≈≈≈≈≈≈≈≈≈.._...≈≈≈≈≈≈≈≈≈≈≈≈≈≈≈
._......≈≈≈.....≈≈≈≈≈≈≈≈≈.._.....
≈..._..≈≈≈≈....≈≈≈≈≈.............
≈≈......≈≈≈....≈................≈
≈≈≈......≈≈≈........≈≈≈≈≈≈._...≈≈
#≈≈≈≈......≈≈≈.........≈≈≈≈≈≈.≈≈#
##≈≈≈≈≈≈........@........≈≈≈≈≈≈##
#≈≈.≈≈≈≈≈≈.........≈≈≈......≈≈≈≈#
≈≈..._.≈≈≈≈≈≈........≈≈≈......≈≈≈
≈................≈....≈≈≈......≈≈
.............≈≈≈≈≈....≈≈≈≈.._...≈
....._..≈≈≈≈≈≈≈≈≈.....≈≈≈......_.
≈≈≈≈≈≈≈≈≈≈≈≈≈≈≈..._..≈≈≈≈≈≈≈≈≈≈≈≈
##########≈≈≈.......≈≈≈##########
##≈≈≈.._..≈≈≈## ##≈≈≈...≈≈≈##
##≈≈≈.≈≈≈##


Turn 5801 on Temple: - not too inspiring ...# ...# .÷.# ...# #.......... ...#
#......... '#.# #@Z...... ...# #.# ....... #5.# #.# ....$ ...# ###.# ...
##.###...# #+#'# #..##.#.#####.#@#####.# ##..............h......#
##...#.#.####.####5###.# ##.#.#.#...........5.# ##.#.....####.####.#.#.#
##.#.(.#.####.#[...#.#.# +..#...#...........#.#.# ####.#.#(###.##....#.#.#
'.<#.#.#.# .#.....#5#.# ####.#...###+#......5#.# # #................##.# Turn
9123 on D:6: - nice no-chance-at-all there #............# #............#
#..##.....#))# #....#....#..# #.....#..#...# # #.....###....######
#....###........... #...#..#......###.# ##.#....#...#.....# #.#.....##...###.#
#@..........## #.. ###########.# ### #.# # #)# # #.# # #.# # #.###### #.##.##.
#......# ###..#.. ##.###. Turn 13441 on D:8: - how the blingbling did that
happen #..#...#.#.#### #......###..... #....)...##.###
##############...oo.<##(..#. #............#.W.#<§.)W[∩..[
#.....###......###.§..#...## #[....##.....#>#_'.oD.##.##
#.....##...#.#.###..[[#..### #.....##.......#.##......[..
#...).'......#...##...###.y# ##....####.@h.....D.........
#...####...[#.####...####.o #...##........# #...##...# #...##...######
#...##.#.. #...##...# ######.#.. #...##...# ..... #...###### # ###. ##### ##
Turn 13695 on D:7: - oh this asshole again ....###................
..)...##.######.####... .[h.<##(..#.......# .#<..)[[∩..[###.#.# ...
##....#...### #.#.## ... _'....##.## ..... ..## ##..[[#..######.#.#....#
.##.g....[......#.#....# .##...###..###y........# .§'...............#..#
###...####..[.y.@....# #...##...###...#...# #...##.#..5....# .##
######.#..y##.## .# ...... #.# .# # ###.. #y# # ## #.# ..# Turn 13783 on D:7: -
man this level is not good for me ##################### ....................#
#......###.......##.# #..###.# #.......##.# #..# #.# #.......##.# #..# #.#
#.......##.# #..# #.# #.......##.# #..# #.# #.......##.# #..# #.# #.......##>#
#..# #.# #......@##.# #.# #.......##.# #.......##.# #.......##.# #.......##.#
#..........# #..# #..........# #..# #......y...# #..# #..# .##..# .. Turn 14876
on D:9: - so many bees

Levels and vault maps discovered:
D:1:      matt_arrival_refuge, layout_rooms,
          hellmonk_ecumenical_altar_prayer_group
D:2:      layout_basic, uniq_jessica, uniq_terence
D:3:      layout_basic, chequers_decorated_corner, uniq_purgy
D:4:      layout_loops_corners, minmay_temple_entry_statues_pillars,
          hangedman_decor_diamond_cutter
D:5:      layout_loops_ring, uniq_sigmund
D:6:      cheibrodos_fzero, layout_basic, serial_shops, nicolae_shop_crystal,
          uniq_maggie
D:7:      cheibrodos_steamvent, layout_basic, gammafunk_temple_overflow_pools,
          kennysheep_mini, nicolae_shop_gadgets
D:8:      layout_loops_ring, mainiacjoe_overflow_swirl, david_lair_generic,
          minmay_misc_feat_chi
D:9:      layout_long_grid, orc_0_dummy
Temple:   hc_temple_tempest_star
Lair:1:   layout_chaotic_city, minivault_25
Lair:2:   layout_roguey, spider_nest_entry_funnel_web,
          chequers_serial_rivers_small_a, serial_bayou_lagoon_b, uniq_nergalle
Lair:3:   layout_hall_layers, minmay_swamp_entry_worms,
          nicolae_lair_grove_arrangements
Lair:4:   layout_regular_city, infiniplex_staircase_pool_2,
          serial_bayou_shore_a, grunt_megastairs_3, uniq_josephine

Skill      XL: |  1  2  3  4  5  6  7  8  9 10 11 |
---------------+----------------------------------+-----
Dodging        | 3 4 5 9 11 10 | 11.4
Stealth        | 3 4 6 7 9 |  9.0
Summonings     | 5 6 7 8 9 |  9.1
Unarmed Combat | 2 3 4 9 7 |  9.0
Spellcasting   | 3 |  3.0
Hexes          | 7 10 12 | 12.5
Fighting       | 7 8 |  8.0

Action                   |  1- 3 |  4- 6 |  7- 9 | 10-12 || total
-------------------------+-------+-------+-------+-------++-------
Melee: Unarmed           |    82 |   134 |   265 |   320 ||   801
       Bite              |     6 |    10 |    16 |    23 ||    55
       Punch             |       |       |     4 |    13 ||    17
 Cast: Summon Small Mamm |    52 |    29 |     7 |       ||    88
       Call Imp          |     8 |    33 |    97 |    36 ||   174
       Call Canine Famil |       |     5 |    51 |    31 ||    87
       Confusing Touch   |       |       |     2 |    56 ||    58
Evoke: Wand              |       |       |     6 |     1 ||     7
  Use: Potion            |       |     1 |     3 |     1 ||     5
       Scroll            |       |       |     8 |     8 ||    16
 Stab: Sleeping          |    10 |    10 |     9 |    12 ||    41
       Distracted        |     1 |     3 |     3 |     1 ||     8
       Paralysed         |       |       |     1 |     1 ||     2
       Confused          |       |       |       |    42 ||    42
Armor: Skin              |     8 |     7 |     9 |     5 ||    29
Dodge: Dodged            |    80 |   120 |   278 |   260 ||   738
